 Dungeon Crawl Stone Soup version 0.24.0-5-g267a8d59f4 (webtiles) character file.

Game seed: 15221057037073766422, levelgen mode: deterministic

39 Aviak the Firebug (level 3, 0/25 HPs)
             Began as a Gnoll Fire Elementalist on Nov 1, 2019.
             Succumbed to an adder's poison
             ... on level 1 of the Dungeon.
             The game lasted 00:03:20 (915 turns).

Aviak the Firebug (Gnoll Fire Elementalist)          Turns: 915, Time: 00:03:21

Health: 0/25       AC:  3    Str: 10    XL:     3   Next: 45%
Magic:  5/9        EV: 19    Int: 20    God:
Gold:   66         SH:  0    Dex: 20    Spells: 11/12 levels left

rFire    . . .     SeeInvis .   f - +1 dagger (speed)
rCold    . . .     Gourm    .   (no shield)
rNeg     . . .     Faith    .   l - +0 leather armour
rPois    .         Spirit   .   (no helmet)
rElec    .         Reflect  .   (no cloak)
rCorr    .         Harm     .   (no gloves)
MR       +....     Clarity  +   (no boots)
Stlth    ++++......             (no amulet)
HPRegen  0.08/turn              d - -3 ring of slaying (curse)
MPRegen  0.11/turn              (no ring)

@: agile, lethally poisoned (0 -> -4), berserk cooldown, slowed, very slow
A: distributed training, fangs 1, clarity, clever 1, deterioration 1, magic
resistance 1, strong nose
a: no special abilities


You were on level 1 of the Dungeon.
You were not hungry.

You visited 1 branch of the dungeon, and saw 2 of its levels.

You collected 66 gold pieces.

Inventory:

Hand Weapons
 f - a +1 dagger of speed (weapon)
Armour
 h - a +0 shield
 l - a +0 leather armour (worn)
Jewellery
 d - a cursed -3 ring of slaying (left hand)
Scrolls
 a - a scroll of immolation {unknown}
 i - a scroll of teleportation {unknown}
 k - a scroll of remove curse {unknown}
Comestibles
 c - 2 rations


   Skills:
 + Level 0.7 Fighting
 + Level 0.7 Short Blades
 + Level 0.7 Long Blades
 + Level 0.7 Axes
 + Level 0.7 Maces & Flails
 + Level 0.7 Polearms
 + Level 0.7 Staves
 + Level 0.7 Slings
 + Level 0.7 Bows
 + Level 0.7 Crossbows
 + Level 0.7 Throwing
 + Level 0.7 Armour
 + Level 4.5 Dodging
 + Level 4.1 Stealth
 + Level 0.7 Shields
 + Level 0.7 Unarmed Combat
 + Level 5.0 Spellcasting
 + Level 2.1 Conjurations
 + Level 0.5 Hexes
 + Level 0.5 Charms
 + Level 0.5 Summonings
 + Level 0.5 Necromancy
 + Level 0.5 Translocations
 + Level 0.5 Transmutations
 + Level 5.4 Fire Magic
 + Level 0.5 Ice Magic
 + Level 0.5 Air Magic
 + Level 0.5 Earth Magic
 + Level 0.5 Poison Magic
 + Level 0.9 Invocations
 + Level 0.7 Evocations


You had 11 spell levels left.
You knew the following spells:

 Your Spells              Type           Power        Failure   Level  Hunger
a - Flame Tongue          Conj/Fire      ###..        3%          1    None

Your spell library contained the following spells:

 Spells                   Type           Power        Failure   Level  Hunger
 Throw Flame              Conj/Fire      ###...       4%          2    None
 Conjure Flame            Conj/Fire      ###.....     10%         3    ##.....
 Inner Flame              Hex/Fire       ###.....     14%         3    ##.....
 Sticky Flame             Conj/Fire      ###.....     32%         4    ####...
 Fireball                 Conj/Fire      ###.......   67%         5    #####..


Dungeon Overview and Level Annotations

Branches:
Dungeon (2/15)

Altars:


Innate Abilities, Weirdness & Mutations

Your experience applies equally to all skills.
You have very sharp teeth.
Your uncanny sense of smell can sniff out nearby items.
You possess an exceptional clarity of mind.
Your mind is acute. (Int +2)
Your body sometimes deteriorates upon taking damage.
You are resistant to hostile enchantments. (MR+)


Message History

You kill the adder!
* * * LOW HITPOINT WARNING * * *
You feel sick.
Unknown command.
You feel a strong urge to attack something.
There is a stone staircase leading up here.
* * * LOW HITPOINT WARNING * * *
You feel sick.
You climb upwards.
You feel your anger nearly subside.
You are no longer berserk.
You pass out from exhaustion.
You feel yourself slow down.
You can move again.
There is a stone staircase leading down here.
You are agile.
You are lethally poisoned (2 -> -3).
You are slowed.
Your movement speed is very slow.
Your attack speed is above average.
Your base attributes are Str 10, Int 18, Dex 15.
* * * LOW HITPOINT WARNING * * *
You feel sick.
You die...

.###.##.....##.....# .#
##.##..####...(.# .#
##.#)..........# .#
###.########.### .# #.......# #.#
.# #.......####.###### .#
#.......#.........# ##
#.....).#.##.#..#'#
#......"#.##@..##.#
#.......#########'#########
#.......#.................#
#####.####.#.###########.#.#
##.(....# #.##.#.......#.##.# #
#.......# #.#.#.###'###.#.#.# #
#..#....# #.#.#.#.....#.#.#.#
###..#.##.###.#.#.#.....#.#.#.###
.....#....'.'.#.#.'..<..+.#.#.'.'


There were no monsters in sight!

Vanquished Creatures
  An adder (D:2)
  A dart slug (D:1)
  A leopard gecko (D:1)
  2 giant cockroaches (D:1)
  2 hobgoblins
  4 bats
  2 frilled lizards (D:1)
  7 goblins (D:1)
  4 kobolds
  A rat (D:1)
25 creatures vanquished.

Notes
Turn   | Place    | Note
-------+----------+-------------------------------------------
     0 | D:1      | Aviak the Gnoll Fire Elementalist began the quest for the
                  | Orb.
     0 | D:1      | Reached XP level 1. HP: 13/13 MP: 6/6
   156 | D:1      | Reached XP level 2. HP: 19/19 MP: 4/7
   565 | D:1      | Reached XP level 3. HP: 22/25 MP: 9/9
   884 | D:2      | Reached skill level 5 in Spellcasting
   904 | D:2      | Gained mutation: Your mind is acute. (Int +2) [potion of
                  | mutation]
   904 | D:2      | Gained mutation: You possess an exceptional clarity of
                  | mind. [potion of mutation]
   904 | D:2      | Gained mutation: Your body sometimes deteriorates upon
                  | taking damage. [potion of mutation]
   904 | D:2      | Gained mutation: You are resistant to hostile enchantments.
                  | (MR+) [potion of mutation]
   914 | D:1      | HP: 1/25 [poisoned by an adder]
   915 | D:1      | Succumbed to an adder's poison

Levels and vault maps discovered:
D:1:      matt_arrival_los_fun, layout_loops_cross
D:2:      layout_loops_cross, led_sif_pool, grunt_temple_overflow_diamond,
          grunt_qazlal_clouds, chequers_ecumenical_altar_simple_redux

Skill      XL: |  1  2  3 |
---------------+----------+-----
Conjurations   | 2 |  2.1
Spellcasting   | 5 |  5.0
Fighting       | |  0.7
Short Blades   | |  0.7
Long Blades    | |  0.7
Axes           | |  0.7
Maces & Flails | |  0.7
Polearms       | |  0.7
Staves         | |  0.7
Slings         | |  0.7
Bows           | |  0.7
Crossbows      | |  0.7
Throwing       | |  0.7
Armour         | |  0.7
Dodging        | |  4.5
Stealth        | |  4.1
Shields        | |  0.7
Unarmed Combat | |  0.7
Hexes          | |  0.5
Charms         | |  0.5
Summonings     | |  0.5
Necromancy     | |  0.5
Translocations | |  0.5
Transmutations | |  0.5
Fire Magic     | |  5.4
Ice Magic      | |  0.5
Air Magic      | |  0.5
Earth Magic    | |  0.5
Poison Magic   | |  0.5
Invocations    | |  0.9
Evocations     | |  0.7

Action                   || total
-------------------------++-------
Melee: Dagger            ||    55
       Bite              ||     5
 Cast: Flame Tongue      ||    32
  Use: Scroll            ||     2
       Potion            ||     3
 Stab: Sleeping          ||     2
Armor: Robe              ||     6
       Leather armour    ||    14
Dodge: Dodged            ||    32
